 Dungeon Crawl Stone Soup version 0.23.2 (webtiles) character file.

Game seed: 11627201530414072368

46 Kairos the Sneak (level 3, 16/16 HPs)
             Began as a Spriggan Enchanter on Apr 8, 2019.
             Quit the game on level 2 of the Dungeon.
             The game lasted 00:01:45 (1839 turns).

Kairos the Sneak (Spriggan Enchanter)               Turns: 1839, Time: 00:01:46

Health: 16/16      AC:  2    Str:  4    XL:     3   Next: 46%
Magic:  7/7        EV: 21    Int: 16    God:
Gold:   38         SH:  0    Dex: 19    Spells: 3/7 levels left

rFire    . . .     SeeInvis +   a - +3 dagger
rCold    . . .     Gourm    .   (shield restricted)
rNeg     . . .     Faith    .   b - +0 robe
rPois    .         Spirit   .   (helmet restricted)
rElec    .         Reflect  .   (no cloak)
rCorr    .         Harm     .   (gloves unavailable)
MR       .....                  (boots unavailable)
Stlth    ++++......             (no amulet)
HPRegen  0.05/turn              (no ring)
MPRegen  0.10/turn              (no ring)

@: very slightly contaminated, very quick
A: very small, unfitting armour, antennae 1, repulsion field 1, thin skeletal
structure 1, see invisible, herbivore, speed 3, low mp 1, slow metabolism 2
a: no special abilities


You were on level 2 of the Dungeon.
You were not hungry.

You visited 1 branch of the dungeon, and saw 2 of its levels.

You collected 38 gold pieces.

Inventory:

Hand Weapons
 a - a +3 dagger (weapon)
Armour
 b - a +0 robe (worn)
Potions
 f - a potion of haste {unknown}
 g - a potion of heal wounds {unknown}
 h - a potion of might {unknown}
 k - a potion of agility {unknown}
Comestibles
 d - 2 rations


   Skills:
 + Level 0.1 Fighting
 + Level 1.4 Short Blades
 + Level 3.2 Dodging
 + Level 5.4 Stealth
 + Level 2.9 Spellcasting
 + Level 4.4 Hexes


You had 3 spell levels left.
You knew the following spells:

 Your Spells              Type           Power        Failure   Level  Hunger
a - Corona                Hex            ###....      3%          1    #......
b - Confuse               Hex            ###.....     10%         3    ###....

Your spell library contained the following spells:

 Spells                   Type           Power        Failure   Level  Hunger
 Tukima's Dance           Hex            ###.....     10%         3    ###....
 Ensorcelled Hibernation  Hex/Ice        #.....       12%         2    ##.....
 Dazzling Spray           Conj/Hex       #.....       22%         3    ###....


Dungeon Overview and Level Annotations

Branches:
Dungeon (2/15)

Altars:


Innate Abilities, Weirdness & Mutations

You are very small and have problems with some larger weapons.
You are too small for most types of armour.
You have supernaturally acute eyesight. (SInv)
You are a herbivore.
You cover ground extremely quickly.
You need to consume almost no food.
You have a pair of small antennae on your head.
You are surrounded by a mild repulsion field. (EV +2)
You have a somewhat thin skeletal structure. (Dex +2, Stealth)
Your magical capacity is low. (-10% MP)


Message History

Done exploring.
Done exploring.
Done exploring.
No target in view!
As you read the scroll labeled IGGO AGAOSEETO, it crumbles to dust.
You feel strangely unstable.
It was a scroll of teleportation.
Blink to where?
Press: ? - help, Dir - move target cursor You are very lightly contaminated with residual magic.
As you read the scroll labeled RIFAEM VOASAHO, it crumbles to dust.
It was a scroll of blinking.
As you read the scroll labeled UNWUTIEDEDO, it crumbles to dust.
It is a scroll of identify.
c - a potion of mutation Really quaff the potion of mutation?
You feel extremely strange.
Your bones become slightly less dense.
You begin to radiate repulsive energy.
You feel less energetic. A pair of antennae grows on your head!
Your surroundings suddenly seem different.
Are you sure you want to abandon this character and quit the game? (Confirm with "yes".)

## ##.....#.# ##.##
.#####........####..#
............>...#...##
.....#......<........##
...#..................#
...####...............#
...# #................#
...# #.......[.......##
...# #..........@...##
...# ##..........#.##
...#####....####.#.#####
.......###.#.....#.....##
##.###..................##
##.###..#........).......#
##..#....................#
......##.................#
.....####....>...........#


There were no monsters in sight!

Vanquished Creatures
  An ooze (D:1)
  A dart slug (D:1)
  A leopard gecko (D:1)
  2 ball pythons
  3 giant cockroaches
  6 goblins
  4 hobgoblins (D:1)
  2 jackals (D:1)
  6 kobolds
  A quokka (D:2)
  3 bats
  2 frilled lizards
  4 rats (D:1)
36 creatures vanquished.

Notes
Turn   | Place    | Note
-------+----------+-------------------------------------------
     0 | D:1      | Kairos the Spriggan Enchanter began the quest for the Orb.
     0 | D:1      | Reached XP level 1. HP: 9/9 MP: 5/5
    62 | D:1      | Reached XP level 2. HP: 9/13 MP: 6/6
   432 | D:1      | Reached skill level 5 in Stealth
  1011 | D:1      | Reached XP level 3. HP: 11/16 MP: 8/8
  1461 | D:1      | Learned a level 3 spell: Confuse
  1838 | D:2      | Gained mutation: You have a somewhat thin skeletal
                  | structure. (Dex +2, Stealth) [potion of mutation]
  1838 | D:2      | Gained mutation: You are surrounded by a mild repulsion
                  | field. (EV +2) [potion of mutation]
  1838 | D:2      | Gained mutation: Your magical capacity is low. (-10% MP)
                  | [potion of mutation]
  1838 | D:2      | Gained mutation: You have a pair of small antennae on your
                  | head. [potion of mutation]
  1839 | D:2      | Quit the game

Skill      XL: |  1  2 |
---------------+-------+-----
Hexes          | 4 |  4.4
Stealth        | 5 |  5.4
Fighting       | |  0.1
Short Blades   | |  1.4
Dodging        | |  3.2
Spellcasting   | |  2.9

Action                   || total
-------------------------++-------
Melee: Dagger            ||   113
  Use: Scroll            ||     6
       Potion            ||     2
 Stab: Sleeping          ||     7
Armor: Robe              ||     8
Dodge: Dodged            ||    93
